 Dungeon Crawl Stone Soup version 0.25.1-4-g9407a263a5 (webtiles) character file.

Game seed: 15509509366660358440

60 Clowwww the Skirmisher (level 3, -1/29 HPs)
             Began as a Demonspawn Fighter on Nov 29, 2020.
             Killed from afar by an orc wizard (8 damage)
             ... with a magic dart
             ... on level 2 of the Dungeon.
             The game lasted 00:02:23 (953 turns).

Clowwww the Skirmisher (Demonspawn Fighter)          Turns: 953, Time: 00:02:23

Health: -1/29      AC:  9    Str: 17    XL:     3   Next: 82%
Magic:  3/3        EV:  7    Int:  9    God:
Gold:   65         SH:  9    Dex: 12    Spells: 2/2 levels left

rFire    . . .     SeeInvis .   a - +0 war axe
rCold    . . .     Gourm    .   c - +0 kite shield
rNeg     . . .     Faith    .   b - +0 scale mail
rPois    .         Spirit   .   (no helmet)
rElec    .         Reflect  .   (no cloak)
rCorr    .         Harm     .   (no gloves)
MR       .....                  (no boots)
Stlth    ..........             (no amulet)
HPRegen  0.09/turn              (no ring)
MPRegen  0.08/turn              (no ring)

@: no status effects
A: slimy green scales 2
a: no special abilities


You were on level 2 of the Dungeon.
You were not hungry.

You visited 1 branch of the dungeon, and saw 2 of its levels.

You collected 65 gold pieces.

Inventory:

Hand Weapons
 a - a +0 war axe (weapon)
Missiles
 i - 7 atropa-tipped darts (quivered)
Armour
 b - a +0 scale mail (worn)
 c - a +0 kite shield (worn)
Jewellery
 h - an uncursed amulet of guardian spirit {unknown}
Scrolls
 j - a scroll of fog {unknown}
 k - a scroll of identify {unknown}
 l - a scroll of enchant weapon {unknown}
Potions
 d - a potion of might
 e - a potion of cancellation {unknown}
Comestibles
 f - 6 rations
 g - 3 chunks of flesh


   Skills:
 + Level 3.3 Fighting
 + Level 2.4 Axes
 + Level 3.0 Armour
 + Level 1.0 Dodging
 + Level 3.0 Shields


You had 2 spell levels left.
You didn't know any spells.
Your spell library was empty.

Dungeon Overview and Level Annotations

Branches:
Dungeon (2/15)

Altars:
Ashenzari


Innate Abilities, Weirdness & Mutations

You are mostly covered in slimy green scales. (AC +3)


Message History

You closely miss the orc wizard.
The orc shouts!
The orc wizard hits you but does no damage.
You writhe in agony.
Your scale mail prevents you from hitting the orc wizard.
You block the orc wizard's attack.
The orc wizard hits you but does no damage.
You closely miss the orc wizard.
The orc wizard gestures at you while chanting.
The puff of flame hits you!
You miss the orc wizard.
The orc wizard hits you but does no damage.
You writhe in agony.
The orc wizard points at you and mumbles some strange words.
The puff of frost hits you.
* * * LOW HITPOINT WARNING * * *
You closely miss the orc wizard.
The orc wizard points at you and mumbles some strange words.
The magic dart hits you!
You die...

......#.#.#
......#.#.#
##....#.#
#..#..#.#
#....##÷#
#.#.###.# #.#.#
#.#
###.#†###)#####
#.#<#.##..@oo.#
#....##.####....#
#.#.####. #.# #.#
#. #.# #. #.# #.
#.# #. #.# #. .#
#.# #### .#


You could see an orc wizard and an orc.

Vanquished Creatures
  An orc wizard (D:2)
  2 leopard geckos (D:1)
  4 giant cockroaches
  3 hobgoblins (D:1)
  A jackal (D:1)
  7 bats
  2 frilled lizards (D:1)
  3 goblins (D:1)
  3 kobolds
  6 rats (D:1)
32 creatures vanquished.

Notes
Turn   | Place    | Note
-------+----------+-------------------------------------------
     0 | D:1      | Clowwww the Demonspawn Fighter began the quest for the Orb.
     0 | D:1      | Reached XP level 1. HP: 18/18 MP: 1/1
   151 | D:1      | Gained mutation: You are partially covered in slimy green
                  | scales. (AC +2) [demonic ancestry]
   151 | D:1      | Reached XP level 2. HP: 14/24 MP: 2/2
   856 | D:2      | Gained mutation: You are mostly covered in slimy green
                  | scales. (AC +3) [demonic ancestry]
   856 | D:2      | Reached XP level 3. HP: 29/29 MP: 3/3
   863 | D:2      | Found a shattered altar of Ashenzari.
   945 | D:2      | Reached skill level 1 in Dodging
   953 | D:2      | Killed from afar by an orc wizard

Illustrated notes

Levels and vault maps discovered:
D:1:      mrwooster_arrival_statue_3, layout_rooms, minmay_misc_feat_five,
          minivault_4, minmay_misc_feat_chi, grunt_decor_resistance,
          minmay_pentomino_o4
D:2:      layout_loops_ring, first_ration, chequers_serial_rivers_micro_a,
          nicolae_ashenzari_panopticon

Skill      XL: |  1  2  3 |
---------------+----------+-----
Shields        | 3 |  3.0
Axes           | 2 |  2.4
Armour         | 3 |  3.0
Dodging        | 1 |  1.0
Fighting       | |  3.3

Action                   || total
-------------------------++-------
Melee: War axe           ||    88
Throw: Dart              ||     2
Armor: Scale mail        ||    66
Dodge: Dodged            ||    30
Block: Kite shield       ||    44
